[Event "Titled Tuesday Blitz November 07 Early 2023"]
[White "Makhnev, Denis"]
[Black "Gharibyan, Mamikon"]
[WhiteFideId "13707647"]
[BlackFideId "13308300"]
[WhiteElo "2923"]
[BlackElo "2797"]
[Result "1/2-1/2"]
[Round "9"]
[TimeControl "180+1"]
[Date "2023.11.07"]
[WhiteClock "0:00:26"]
[BlackClock "0:00:19"]
[Board "25"]

1. d4 Nf6 2. c4 e6 3. Nf3 d5 4. Nc3 Nbd7 5. Qc2 c5 6. cxd5 Nxd5 7. Nxd5 exd5 8. g3 c4 9. Bg2 Bb4+ 10. Bd2 Bxd2+ 11. Qxd2 O-O 12. O-O Nf6 13. Ne5 Bf5 14. Qb4 Qb6 15. Qa3 Qxd4 16. Nf3 Qb6 17. Rfd1 Rfe8 18. Nd4 Be4 19. Bh3 h5 20. Rac1 Rad8 21. b3 Bg6 22. Bg2 a6 23. Qa4 cxb3 24. axb3 Ne4 25. e3 Rc8 26. b4 Qf6 27. Bf3 Kh7 28. Qd7 Red8 29. Qxb7 Rb8 30. Qc7 Rxb4 31. Rc6 Rc4 32. Rxf6 Rxc7 33. Rxa6 Rb8 34. Ra2 Nc3 35. Rc1 Rc4 36. Bxd5 Rxd4 37. exd4 Nxa2 38. Bxa2 Rb2 39. Bc4 Rd2 40. d5 Be4 41. d6 Kg6 42. Re1 Bf3 43. Re3 Rd1+ 44. Bf1 Bc6 45. Rd3 Rxd3 46. Bxd3+ Kf6 47. Bc4 g5 48. f4 gxf4 49. gxf4 Kf5 50. Bxf7 h4 51. Bd5 Bd7 52. Bf7 Kxf4 53. Kf2 Ke5 54. Kf3 Kxd6 55. Kf4 Ke7 56. Bd5 Kf6 57. Bf3 Kg7 58. Be4 h3 59. Bf3 Be8 60. Kg3 Bg6 61. Bg4 Kh6 62. Bxh3 Kg7 63. Be6 Kh8 64. Bc4 Kg7 65. Be2 Kh8 66. Kf4 Kg7 67. Kg5 Kh8 68. h3 Kg7 69. h4 Kh8 70. Kxg6 Kg8 71. Kh6 Kh8 72. Bh5 Kg8 73. Bg6 Kh8 74. Kg5 Kg8 75. h5 Kh8 76. h6 Kg8 77. Bf5 Kh8 78. Be6 Kh7 79. Bf7 Kh8 80. Bg6 Kg8 81. h7+ Kh8 82. Kh6 1/2-1/2


[Site "https://www.chess.com"]

[Event "Titled Tuesday Blitz November 07 Early 2023"]
[White "Yeremyan_ChessMate"]
[Black "Aravindh, Chithambaram VR."]
[BlackFideId "5072786"]
[WhiteElo "2780"]
[BlackElo "2921"]
[Result "0-1"]
[Round "9"]
[TimeControl "180+1"]
[Date "2023.11.07"]
[WhiteClock "0:02:40"]
[BlackClock "0:03:04"]
[Board "26"]

1. e4 a6 2. g3 e6 3. Bg2 d5 4. exd5 exd5 5. Ne2 Nf6 6. O-O Be7 7. d4 O-O 8. c3 Nc6 9. Bf4 Bf5 10. Nd2 Qd7 11. Nf3 Rae8 12. Ne5 Qc8 13. Nxc6 bxc6 14. Re1 Bd6 15. Bxd6 cxd6 16. Nf4 h6 17. b4 g5 18. Nh5 Rxe1+ 19. Qxe1 Nxh5 20. Qe2 Nf6 21. a4 Re8 22. Qd2 Kg7 23. h3 Bxh3 0-1


[Site "https://www.chess.com"]

[Event "Titled Tuesday Blitz November 07 Early 2023"]
[White "Baskakov, Egor"]
[Black "Liyanage, Ranindu Dilshan"]
[WhiteFideId "24197866"]
[BlackFideId "9915834"]
[WhiteElo "2911"]
[BlackElo "2777"]
[Result "1-0"]
[Round "9"]
[TimeControl "180+1"]
[Date "2023.11.07"]
[WhiteClock "0:02:01"]
[BlackClock "0:00:36"]
[Board "27"]

1. e4 c5 2. Nf3 Nc6 3. Nc3 g6 4. d4 cxd4 5. Nxd4 Bg7 6. Nde2 Nf6 7. g3 d6 8. Bg2 O-O 9. h3 Rb8 10. a4 a6 11. O-O b5 12. axb5 axb5 13. Be3 b4 14. Nd5 Nxd5 15. exd5 Ne5 16. b3 Bb7 17. Ra7 Qc8 18. Nd4 Kh8 19. f4 Qc3 20. Bf2 Nd7 21. Nc6 Bxc6 22. dxc6 Nc5 23. Rxe7 Qf6 24. Rfe1 Rbc8 25. Qd5 h6 26. c7 Ne6 27. Qxd6 Qc3 28. R1xe6 fxe6 29. Rxg7 Qxg7 30. Bd4 Rf6 31. Qd8+ 1-0


[Site "https://www.chess.com"]

[Event "Titled Tuesday Blitz November 07 Early 2023"]
[White "Zhigalko, Sergei"]
[Black "Csonka, Balazs"]
[WhiteFideId "13502956"]
[BlackFideId "742910"]
[WhiteElo "2885"]
[BlackElo "2767"]
[Result "1-0"]
[Round "9"]
[TimeControl "180+1"]
[Date "2023.11.07"]
[WhiteClock "0:00:02"]
[BlackClock "0:00:03"]
[Board "28"]

1. e4 e5 2. Nf3 Nf6 3. d4 Nxe4 4. Bd3 d5 5. Nxe5 Bd6 6. O-O O-O 7. c4 Bxe5 8. dxe5 Nc6 9. Bf4 Nc5 10. cxd5 Nxd3 11. Qxd3 Nb4 12. Qg3 Kh8 13. Nc3 Nxd5 14. Bg5 Nxc3 15. bxc3 Qd5 16. Rad1 Qxa2 17. Bf6 gxf6 18. exf6 Bg4 19. Qxg4 Rg8 20. Qf4 c5 21. Rd7 b5 22. g3 a5 23. Re1 Rg6 24. Ree7 Rf8 25. c4 Kg8 26. cxb5 a4 27. Kg2 a3 28. b6 Qb3 29. Ra7 a2 30. b7 Qb2 31. Ra8 Rxf6 32. Qg5+ Rg6 33. Qf4 a1=Q 34. Rxf8+ Kxf8 35. b8=Q+ Kxe7 36. Qbc7+ Ke6 37. Qfxf7# 1-0


[Site "https://www.chess.com"]

[Event "Titled Tuesday Blitz November 07 Early 2023"]
[White "Timofeev, Artyom"]
[Black "Samunenkov, Ihor"]
[WhiteFideId "4140419"]
[BlackFideId "14187086"]
[WhiteElo "2849"]
[BlackElo "2761"]
[Result "1/2-1/2"]
[Round "9"]
[TimeControl "180+1"]
[Date "2023.11.07"]
[WhiteClock "0:00:30"]
[BlackClock "0:00:13"]
[Board "29"]

1. c4 e6 2. Nc3 d5 3. d4 a6 4. g3 dxc4 5. Bg2 Nf6 6. Bg5 Nbd7 7. e4 Be7 8. e5 Nd5 9. Bxe7 Nxe7 10. Nge2 O-O 11. O-O c5 12. Rc1 Rb8 13. Ne4 cxd4 14. Rxc4 d3 15. Qxd3 Nxe5 16. Qxd8 Rxd8 17. Rc2 Bd7 18. Nc5 Bc6 19. Rfc1 Nd3 20. Nxd3 Rxd3 21. Nc3 g6 22. Bxc6 Nxc6 23. Ne4 Kg7 24. Nc5 Rd5 25. Nxa6 Rbd8 26. Nc7 Ra5 27. b3 Rc8 28. b4 Ra4 29. Nxe6+ fxe6 30. b5 Kf6 31. bxc6 Rxc6 32. Rxc6 bxc6 33. Rxc6 Rxa2 34. Rc7 h5 35. h4 Ra1+ 36. Kg2 Ra2 37. Rc8 Kf7 38. Kf3 Kf6 39. Rc6 Ra3+ 40. Kf4 Ra4+ 41. Ke3 Ra3+ 42. Ke4 Ra4+ 43. Ke3 Ra3+ 44. Ke4 Ra4+ 45. Ke3 1/2-1/2


[Site "https://www.chess.com"]

[Event "Titled Tuesday Blitz November 07 Early 2023"]
[White "Pendos666"]
[Black "Orozbaev, Eldiar"]
[BlackFideId "13802240"]
[WhiteElo "2830"]
[BlackElo "2747"]
[Result "0-1"]
[Round "9"]
[TimeControl "180+1"]
[Date "2023.11.07"]
[WhiteClock "0:00:46"]
[BlackClock "0:00:49"]
[Board "30"]

1. e4 e6 2. d4 d5 3. Nd2 Nf6 4. e5 Nfd7 5. c3 c5 6. f4 Nc6 7. Ndf3 f6 8. Bd3 Qb6 9. Ne2 cxd4 10. cxd4 Bb4+ 11. Bd2 O-O 12. Bxb4 Qxb4+ 13. Qd2 Qb6 14. Rc1 a5 15. Bb1 a4 16. Rc3 a3 17. b3 Ra5 18. h4 f5 19. h5 Ndb8 20. Rg1 Bd7 21. g4 Ne7 22. gxf5 Nxf5 23. Ng3 Nc6 24. Nxf5 exf5 25. Kf2 Nd8 26. Ng5 h6 27. Nf3 Ne6 28. Kg3 Raa8 29. Nh4 Nxd4 30. Rd3 Ne2+ 31. Qxe2 Qxg1+ 32. Kh3 Qxb1 33. Rxd5 Bc6 34. Rd6 Qh1+ 35. Kg3 Rad8 36. Qc4+ Bd5 37. Qc7 Rxd6 38. exd6 Qg1+ 39. Kh3 Qg4+ 0-1


[Site "https://www.chess.com"]

[Event "Titled Tuesday Blitz November 07 Early 2023"]
[White "Rakotomaharo, Fy Antenaina"]
[Black "Suyarov, Mukhammadzokhid"]
[WhiteFideId "13100050"]
[BlackFideId "14210495"]
[WhiteElo "2737"]
[BlackElo "2820"]
[Result "0-1"]
[Round "9"]
[TimeControl "180+1"]
[Date "2023.11.07"]
[WhiteClock "0:00:06"]
[BlackClock "0:00:10"]
[Board "31"]

1. d4 e6 2. Nf3 Nf6 3. Bg5 b6 4. Nbd2 Bb7 5. e4 h6 6. Bxf6 Qxf6 7. c3 g6 8. Bd3 Bg7 9. Qe2 Qe7 10. O-O-O d6 11. Kb1 Nd7 12. h4 O-O-O 13. Ba6 Kb8 14. Bxb7 Kxb7 15. a4 Rhe8 16. a5 a6 17. axb6 cxb6 18. e5 dxe5 19. dxe5 b5 20. Qe4+ Kb6 21. Nd4 Qc5 22. f4 Qc7 23. N2b3 Nc5 24. Nxc5 Qxc5 25. Nb3 Qc7 26. Qe3+ Kc6 27. Nc5 Qb6 28. Qe4+ Rd5 29. Nd3 Kc7 30. Nb4 Rdd8 31. h5 Qb7 32. Qc2 a5 33. Nd3 gxh5 34. Nc5 Qc6 35. Ne4 Bf8 36. Nf6 Rxd1+ 37. Rxd1 Rd8 38. Rxd8 Kxd8 39. Qh7 Qb7 40. Qg8 Qe7 41. Nxh5 b4 42. cxb4 Qxb4 43. Nf6 Kc8 44. Qg3 Bc5 45. Qd3 a4 46. Qd7+ Kb8 47. Qxf7 a3 48. Qe8+ Ka7 49. Qd7+ Ka6 50. Qxe6+ Ka5 51. Qa2 Qe1+ 52. Kc2 Qe2+ 53. Kc3 Bd4+ 54. Kxd4 Qxb2+ 55. Qxb2 axb2 56. e6 b1=Q 57. e7 Qb4+ 58. Ke5 Qxe7+ 59. Kf5 Qf7 60. Ke5 Qg6 61. Ne4 Qxg2 62. f5 Qh2+ 63. Ke6 Qf4 64. Nd6 h5 65. f6 h4 66. f7 h3 67. Nf5 Qb4 68. Nd6 Qf4 69. Nf5 Qb8 70. Ne7 Ka4 71. Ng6 h2 72. f8=Q Qxf8 73. Nxf8 h1=Q 74. Nd7 Kb5 75. Ne5 Kc5 76. Nd7+ Kd4 77. Nf6 Qf3 78. Nd7 Qd5+ 79. Ke7 Qc6 80. Nf6 Ke5 81. Nd7+ Kf5 82. Nf6 Qxf6+ 0-1


[Site "https://www.chess.com"]

[Event "Titled Tuesday Blitz November 07 Early 2023"]
[White "Kozak, Antoni"]
[Black "Perdomo, Leandro"]
[WhiteFideId "21832030"]
[BlackFideId "109746"]
[WhiteElo "2815"]
[BlackElo "2711"]
[Result "0-1"]
[Round "9"]
[TimeControl "180+1"]
[Date "2023.11.07"]
[WhiteClock "0:00:04"]
[BlackClock "0:00:04"]
[Board "32"]

1. d4 Nf6 2. Nf3 g6 3. Nc3 d5 4. Bf4 Bg7 5. e3 O-O 6. Be2 c5 7. O-O cxd4 8. exd4 Nc6 9. Nb5 Bf5 10. c3 a6 11. Na3 b5 12. Nc2 Qb6 13. Ne3 Bd7 14. Ne5 Be6 15. a3 Na5 16. b4 Nc4 17. N5xc4 dxc4 18. Be5 Nd5 19. Nxd5 Bxd5 20. Bxg7 Kxg7 21. Bf3 Rfd8 22. a4 a5 23. Bxd5 Rxd5 24. axb5 Rxb5 25. Qe2 Qc7 26. Ra4 Rc8 27. bxa5 Rxa5 28. Rxa5 Qxa5 29. Rc1 Qa3 30. Qe3 e6 31. h4 h5 32. Rb1 Qe7 33. Qe4 Rc7 34. Rb8 Qd6 35. Ra8 Qd5 36. Qxd5 exd5 37. Rd8 Rb7 38. Rxd5 Rb3 39. Rc5 Rxc3 40. g3 Rc1+ 41. Kg2 c3 42. d5 c2 43. d6 Kf6 44. Kf3 Ke6 45. Ke2 Kxd6 46. Rc8 Kd7 47. Rc3 Ke6 48. Rc7 f6 49. Rc5 g5 50. Kd2 Rf1 51. Kxc2 Rxf2+ 52. Kd1 gxh4 53. gxh4 f5 54. Rc4 Kd5 55. Ra4 Ke5 56. Ra8 Kf4 57. Ke1 Rf3 58. Rh8 Kg4 59. Ke2 Rf4 60. Ke3 Re4+ 61. Kf2 Kxh4 62. Kf3 Rg4 63. Rf8 Rg3+ 64. Kf2 Rg5 65. Kf3 Kh3 66. Rf7 h4 67. Kf4 Rg1 68. Kf3 Rf1+ 69. Ke2 Rf4 70. Ke3 Kg3 71. Rf8 Rf3+ 72. Ke2 Rf2+ 73. Ke1 Rf4 74. Ke2 Re4+ 75. Kf1 f4 76. Rg8+ Kf3 77. Ra8 h3 78. Ra3+ Re3 79. Ra2 Rb3 80. Rf2+ Kg3 81. Ra2 Rb1+ 82. Ke2 h2 83. Ra8 h1=Q 84. Rg8+ Kh4 85. Rh8+ Kg5 86. Rxh1 0-1


[Site "https://www.chess.com"]

[Event "Titled Tuesday Blitz November 07 Early 2023"]
[White "Materia, Marco"]
[Black "Jakubowski, Krzysztof"]
[WhiteFideId "45150451"]
[BlackFideId "1112848"]
[WhiteElo "2811"]
[BlackElo "2685"]
[Result "1-0"]
[Round "9"]
[TimeControl "180+1"]
[Date "2023.11.07"]
[WhiteClock "0:00:34"]
[BlackClock "0:00:02"]
[Board "33"]

1. d4 Nf6 2. c4 e6 3. Nf3 b6 4. g3 Ba6 5. Qc2 c5 6. Bg2 Nc6 7. dxc5 bxc5 8. O-O Be7 9. b3 O-O 10. Bb2 d5 11. cxd5 exd5 12. Rc1 Rc8 13. Nc3 d4 14. Na4 Re8 15. Nxc5 Nb4 16. Qf5 g6 17. Qf4 Bxc5 18. Nxd4 Nbd5 19. Qh4 Qb6 20. e3 Be7 21. Qh6 Bf8 22. Qg5 h6 23. Qh4 Rxc1+ 24. Rxc1 Rc8 25. Rd1 Nb4 26. Nc6 g5 27. Qh3 Rxc6 28. Bxc6 Qxc6 29. Qf5 Bb7 30. f3 Ne8 31. Rd8 Be7 32. Qe5 Kh7 33. Qh8+ Kg6 34. Qg8+ Kf5 35. Qxf7+ Nf6 36. g4# 1-0


[Site "https://www.chess.com"]

[Event "Titled Tuesday Blitz November 07 Early 2023"]
[White "Dragun, Kamil"]
[Black "Skliarov, Viktor"]
[WhiteFideId "1134167"]
[BlackFideId "14106736"]
[WhiteElo "2805"]
[BlackElo "2673"]
[Result "1-0"]
[Round "9"]
[TimeControl "180+1"]
[Date "2023.11.07"]
[WhiteClock "0:00:38"]
[BlackClock "0:00:10"]
[Board "34"]

1. d4 Nf6 2. c4 e6 3. Nf3 b6 4. g3 Bb7 5. Bg2 Be7 6. O-O O-O 7. Nc3 Ne4 8. Bd2 Nxd2 9. Qxd2 d6 10. d5 e5 11. e4 f5 12. exf5 Rxf5 13. Qe3 Nd7 14. Ne4 Nc5 15. Nfd2 Bg5 16. Nxg5 Qxg5 17. Qxg5 Rxg5 18. b4 Nd3 19. a3 a5 20. Be4 Nb2 21. Bc2 b5 22. cxb5 Bxd5 23. Rfc1 axb4 24. axb4 Rxa1 25. Rxa1 Rg4 26. f4 exf4 27. Bf5 Rg5 28. g4 h5 29. h4 Rxg4+ 30. Bxg4 hxg4 31. Ra7 g3 32. Rxc7 f3 33. Nxf3 Bxf3 34. b6 Nd3 35. b7 Nf4 36. b8=Q+ Kh7 37. Rc2 Nh3+ 38. Kf1 Be4 39. Rd2 1-0


[Site "https://www.chess.com"]

[Event "Titled Tuesday Blitz November 07 Early 2023"]
[White "Molina, Roberto Junio Brito"]
[Black "Dowgird, Filip"]
[WhiteFideId "2109450"]
[BlackFideId "1121235"]
[WhiteElo "2803"]
[BlackElo "2672"]
[Result "0-1"]
[Round "9"]
[TimeControl "180+1"]
[Date "2023.11.07"]
[WhiteClock "0:00:00"]
[BlackClock "0:00:08"]
[Board "35"]

1. e4 d6 2. d4 Nf6 3. Nc3 c6 4. f3 b5 5. Be3 b4 6. Nce2 a5 7. a3 Na6 8. Nc1 e6 9. Nge2 d5 10. e5 Nd7 11. f4 c5 12. Kf2 cxd4 13. Nxd4 bxa3 14. bxa3 Nac5 15. Bd3 Ba6 16. Ncb3 a4 17. Nxc5 Nxc5 18. Re1 Qd7 19. Kg1 Nxd3 20. cxd3 Be7 21. Qd2 O-O 22. Nc2 Rfb8 23. Nb4 Qb5 24. Reb1 Bxb4 25. Rxb4 Qxd3 26. Rxa4 Rb1+ 27. Rxb1 Qxb1+ 28. Qc1 Qb5 29. Rb4 Qe2 30. Rb2 Qd3 31. h3 h6 32. Kh2 Bc4 33. Bc5 Qe4 34. Rf2 Rb8 35. Bb4 Rc8 36. Qc2 Qe3 37. Qd2 Qe4 38. Qc2 Qe3 39. Rf3 Qd4 40. Qc3 Qd1 41. Qd2 Qa1 42. Qc3 Qd1 43. Qd2 Qa1 44. f5 Qxe5+ 45. Qf4 Qxf4+ 46. Rxf4 e5 47. Rf2 f6 48. g4 d4 49. Kg3 e4 50. Kf4 e3 51. Rc2 Kf7 52. Rc1 Ke8 53. Ba5 Kf7 54. Bb6 e2 55. Bxd4 Re8 56. Bf2 Bb3 57. Be1 Bd1 58. Rc3 Rd8 59. Ke3 Re8+ 60. Kf2 Ra8 61. Re3 Ra4 62. Bb4 Ra6 63. Re7+ Kg8 64. Re8+ Kh7 65. h4 Ra7 66. Kg3 Rd7 67. Re4 Rd3+ 68. Kf2 Rd7 69. Re6 e1=Q+ 70. Rxe1 Bxg4 71. Re7 Rxe7 72. Bxe7 Bxf5 73. Kg3 Bd7 74. Kf4 Kg6 75. Bd8 Kf7 76. Bc7 g5+ 77. hxg5 hxg5+ 78. Ke4 Kg6 79. Bd8 f5+ 80. Ke5 f4 81. Bb6 Kh5 82. Ke4 Kg4 83. Bd8 Kh5 84. Kd3 g4 85. Ke2 Bc6 86. Kf2 g3+ 87. Kg1 Kg4 88. Ba5 f3 89. Be1 Ba4 90. Kf1 Kh3 91. Kg1 Bb5 92. a4 Bxa4 0-1


[Site "https://www.chess.com"]

[Event "Titled Tuesday Blitz November 07 Early 2023"]
[White "Shuvalov, Evgenij"]
[Black "Socko, Bartosz"]
[WhiteFideId "4187237"]
[BlackFideId "1107038"]
[WhiteElo "2487"]
[BlackElo "2801"]
[Result "1-0"]
[Round "9"]
[TimeControl "180+1"]
[Date "2023.11.07"]
[WhiteClock "0:01:05"]
[BlackClock "0:01:32"]
[Board "36"]

1. d4 Nf6 2. c4 g6 3. Nc3 Bg7 4. e4 O-O 5. Nf3 d6 6. Be2 Bg4 7. Be3 Nfd7 8. Ng1 Bxe2 9. Ngxe2 c5 10. O-O cxd4 11. Nxd4 Nc6 12. Rc1 Rc8 13. b3 a6 14. Qd2 Nxd4 15. Bxd4 Bxd4 16. Qxd4 Qb6 17. Qd2 Nf6 18. Nd5 Nxd5 19. cxd5 f6 20. h4 Kg7 21. Rxc8 Rxc8 22. Rc1 Rxc1+ 23. Qxc1 Qd4 24. Qc2 b5 25. g3 b4 26. Kg2 Qc3 27. Qe2 a5 28. Qg4 Qc2 29. Qe6 Kf8 30. g4 a4 31. bxa4 Qxa4 32. Qc8+ Kg7 33. Qb7 Kf7 34. Qc8 h5 35. gxh5 gxh5 36. Qh8 Qxa2 37. Qxh5+ Kg7 38. Qg4+ Kh6 39. h5 Kh7 40. Qg6+ Kh8 41. h6 1-0


[Site "https://www.chess.com"]

[Event "Titled Tuesday Blitz November 07 Early 2023"]
[White "Melian, Juan Sebastian"]
[Black "mind1mover"]
[WhiteFideId "3706575"]
[WhiteElo "2666"]
[BlackElo "2817"]
[Result "0-1"]
[Round "9"]
[TimeControl "180+1"]
[Date "2023.11.07"]
[WhiteClock "0:00:02"]
[BlackClock "0:00:04"]
[Board "37"]

1. e4 Nc6 2. Bc4 Nf6 3. d3 e6 4. Qe2 Na5 5. Bb5 a6 6. Ba4 b5 7. Bd2 c5 8. Bb3 Bb7 9. Nf3 c4 10. dxc4 bxc4 11. Bxc4 Nxc4 12. Qxc4 Bxe4 13. Nc3 Bxc2 14. O-O Be7 15. Nd5 Nxd5 16. Qxc2 O-O 17. Rfc1 Qb8 18. Rab1 Rc8 19. Qe4 Rxc1+ 20. Bxc1 Qb4 21. Qxb4 Nxb4 22. a3 Nd3 23. Be3 Rb8 24. b4 Rc8 25. Kf1 Rc3 26. b5 axb5 27. Rxb5 Bf8 28. a4 f6 29. a5 Ra3 30. Ke2 Nb4 31. Nd4 e5 32. Nf5 Nc6 33. Bb6 Ra2+ 34. Kf1 Kf7 35. g3 Ke6 36. Ne3 Bd6 37. Nd5 g5 38. Nc3 Rc2 39. Ne4 Be7 40. Be3 Ra2 41. Nd2 Ra1+ 42. Kg2 Rxa5 43. Rb6 Bc5 44. Bxc5 Rxc5 45. Ne4 Rc4 46. Nd2 Rc2 47. Nb3 Kd5 48. Na1 Rc3 49. Nb3 Kd6 50. Nd2 Kc7 51. Rb2 d5 52. Nf1 d4 53. Rd2 f5 54. h3 e4 55. h4 h6 56. Ra2 f4 57. gxf4 gxf4 58. Nh2 Ne5 59. Re2 f3+ 0-1


[Site "https://www.chess.com"]

[Event "Titled Tuesday Blitz November 07 Early 2023"]
[White "Bacrot, Etienne"]
[Black "Kleiman, Jake"]
[WhiteFideId "605506"]
[BlackFideId "2020041"]
[WhiteElo "2813"]
[BlackElo "2668"]
[Result "1-0"]
[Round "9"]
[TimeControl "180+1"]
[Date "2023.11.07"]
[WhiteClock "0:00:36"]
[BlackClock "0:00:00"]
[Board "38"]

1. g4 d5 2. Bg2 c6 3. h3 e5 4. d3 Bd6 5. Nc3 Be6 6. Nf3 h6 7. e4 d4 8. Ne2 Nd7 9. Ng3 g6 10. c3 c5 11. c4 Be7 12. Nf5 Qc7 13. Ng7+ Kd8 14. Bd2 Nf8 15. b4 Bd7 16. bxc5 Bxc5 17. Rb1 Rh7 18. Qc1 Rxg7 19. Bxh6 Nxh6 20. Qxh6 Ne6 21. Ng5 Bf8 22. Nxe6+ Bxe6 23. f4 Rg8 24. Qh4+ g5 25. fxg5 Be7 26. O-O Bxg5 27. Qh7 Re8 28. Qg7 Be3+ 29. Kh1 b6 30. Rb5 a6 31. Rxe5 Kc8 32. Rh5 Rb8 33. e5 Qe7 34. Rf6 Kc7 35. Bd5 Bxd5+ 36. cxd5 Qc5 37. Rc6+ Qxc6 38. dxc6 Re7 39. Qf6 Rbe8 40. Qd6+ Kc8 41. Rf5 1-0


[Site "https://www.chess.com"]

[Event "Titled Tuesday Blitz November 07 Early 2023"]
[White "Degenbaev, Aziz"]
[Black "Szpar, Milosz"]
[WhiteFideId "13802640"]
[BlackFideId "1184989"]
[WhiteElo "2664"]
[BlackElo "2800"]
[Result "0-1"]
[Round "9"]
[TimeControl "180+1"]
[Date "2023.11.07"]
[WhiteClock "0:00:14"]
[BlackClock "0:00:13"]
[Board "39"]

1. e4 e6 2. d4 d5 3. Nc3 Nf6 4. e5 Nfd7 5. Nce2 c5 6. c3 Nc6 7. Nf3 Be7 8. g3 O-O 9. Bg2 b5 10. O-O b4 11. Nf4 bxc3 12. bxc3 Ba6 13. Re1 Qa5 14. Bd2 Bc4 15. h4 Nb6 16. Ng5 h6 17. Qh5 cxd4 18. Rec1 d3 19. Bh3 Nxe5 20. Ngxe6 Bf6 21. Nxf8 Rxf8 22. Re1 g6 23. Qd1 Na4 24. h5 g5 25. Ng2 Nxc3 26. Bxc3 Qxc3 27. f4 Qxa1 28. Qxa1 Nf3+ 29. Kf2 Bxa1 30. Rxa1 Nd2 31. fxg5 Ne4+ 32. Ke3 hxg5 33. Ne1 Re8 34. Kd4 d2 35. Nc2 Nf2 36. Bd7 Re4+ 37. Kc5 d1=Q 38. Rxd1 Nxd1 39. Bf5 Re5 40. g4 Ne3 0-1


[Site "https://www.chess.com"]

[Event "Titled Tuesday Blitz November 07 Early 2023"]
[White "Mendez Fortes, Eduardo Jesus"]
[Black "Sokolovsky, Yahli"]
[WhiteFideId "3502376"]
[BlackFideId "2820242"]
[WhiteElo "2663"]
[BlackElo "2793"]
[Result "0-1"]
[Round "9"]
[TimeControl "180+1"]
[Date "2023.11.07"]
[WhiteClock "0:01:30"]
[BlackClock "0:01:10"]
[Board "40"]

1. e4 d6 2. d4 g6 3. Nc3 Bg7 4. f4 Nf6 5. Nf3 O-O 6. Bd3 Nc6 7. O-O Bg4 8. Be3 e5 9. fxe5 dxe5 10. d5 Nd4 11. Bxd4 exd4 12. Ne2 Re8 13. Ng3 c6 14. dxc6 bxc6 15. h3 Qc7 16. Ne2 Bxf3 17. Rxf3 Nxe4 18. Bc4 Nd6 19. Bb3 c5 20. Bd5 Rad8 21. Qf1 Nf5 22. Bb3 c4 23. Ba4 Re5 24. Nf4 Ra5 25. b3 d3 26. Rc1 d2 27. Rd1 Bd4+ 28. Kh1 Ne3 29. Rxe3 Bxe3 30. Ne2 Rf5 0-1


[Site "https://www.chess.com"]

[Event "Titled Tuesday Blitz November 07 Early 2023"]
[White "elprimo2012mortis"]
[Black "Volkov, Maksim"]
[BlackFideId "54123070"]
[WhiteElo "2780"]
[BlackElo "2652"]
[Result "1-0"]
[Round "9"]
[TimeControl "180+1"]
[Date "2023.11.07"]
[WhiteClock "0:00:25"]
[BlackClock "0:00:32"]
[Board "41"]

1. e4 c5 2. Nf3 d6 3. Bb5+ Nd7 4. a4 a6 5. Be2 Ngf6 6. Nc3 g6 7. a5 Bg7 8. d3 O-O 9. O-O b5 10. axb6 Bb7 11. Be3 a5 12. Qc1 Qxb6 13. Na4 Qc7 14. Bh6 Bc6 15. Bxg7 Kxg7 16. b3 Rfb8 17. Qd2 Rb4 18. Nb2 a4 19. Nxa4 Bxa4 20. bxa4 Rbxa4 21. Rab1 Qa5 22. Qg5 h6 23. Qg3 Ra2 24. Bd1 Ra1 25. Rxa1 Qxa1 26. Nh4 Kh7 27. Nf3 Qc3 28. h4 Ra1 29. Qf4 Kg7 30. Qd2 Qxd2 31. Nxd2 Ne5 32. f4 Nc6 33. c3 e6 34. Nc4 d5 35. exd5 Nxd5 36. Bf3 Ra3 37. Nxa3 1-0


[Site "https://www.chess.com"]

[Event "Titled Tuesday Blitz November 07 Early 2023"]
[White "Yelisieiev, Yevhenii"]
[Black "Mekhitarian, Krikor Sevag"]
[WhiteFideId "14139642"]
[BlackFideId "2107660"]
[WhiteElo "2650"]
[BlackElo "2769"]
[Result "0-1"]
[Round "9"]
[TimeControl "180+1"]
[Date "2023.11.07"]
[WhiteClock "0:00:01"]
[BlackClock "0:00:30"]
[Board "42"]

1. d4 Nf6 2. Nf3 g6 3. g3 Bg7 4. Bg2 O-O 5. O-O d5 6. c3 Nbd7 7. a4 c5 8. a5 e6 9. Bf4 Qe7 10. Nbd2 a6 11. Qb3 Re8 12. h3 h6 13. g4 g5 14. Bg3 h5 15. Nxg5 hxg4 16. h4 Nh5 17. Qc2 f5 18. dxc5 Nxc5 19. Bh2 Bf6 20. f4 g3 21. Bf3 gxh2+ 22. Kxh2 Nxf4 23. Rg1 Kh8 24. Raf1 Rg8 25. b4 Nd7 26. e3 Ng6 27. h5 Nge5 28. Nh3 Nxf3+ 29. Nxf3 Ne5 30. Rxg8+ Kxg8 31. Rg1+ Kh8 32. Nd4 Bd7 33. Nf4 Rg8 34. Rxg8+ Kxg8 35. h6 Ng4+ 36. Kh1 Nxh6 37. Nh5 Be5 38. Qg2+ Ng4 39. Nf4 Qh4+ 40. Kg1 Qe1+ 41. Qf1 Qxe3+ 42. Kh1 Qxf4 0-1


[Site "https://www.chess.com"]

[Event "Titled Tuesday Blitz November 07 Early 2023"]
[White "Adewumi, Tanitoluwa"]
[Black "Sattarov, Bobir"]
[WhiteFideId "30966396"]
[BlackFideId "14203081"]
[WhiteElo "2646"]
[BlackElo "2765"]
[Result "0-1"]
[Round "9"]
[TimeControl "180+1"]
[Date "2023.11.07"]
[WhiteClock "0:00:00"]
[BlackClock "0:00:07"]
[Board "43"]

1. e4 e5 2. Nf3 Nc6 3. c3 d5 4. Bb5 f6 5. Qa4 Ne7 6. exd5 Qxd5 7. d4 Bg4 8. Nbd2 e4 9. c4 Qf5 10. Nh4 Qh5 11. d5 Qxh4 12. dxc6 b6 13. O-O Ng6 14. c5 f5 15. cxb6 Bd6 16. g3 Qh3 17. b7 Rd8 18. Re1 O-O 19. Bf1 Qh5 20. Nc4 Bc5 21. Be3 Bxe3 22. Nxe3 Ne5 23. Bg2 Bf3 24. Qb3+ Kh8 25. Nd5 Bxg2 26. Nf4 Qh6 27. Kxg2 Nf3 28. h4 Nxh4+ 29. gxh4 Qxf4 30. Qg3 Qh6 31. Qxc7 f4 32. f3 Qg6+ 33. Kh1 Qg3 34. fxe4 Qh3+ 35. Kg1 Rd2 0-1


[Site "https://www.chess.com"]

[Event "Titled Tuesday Blitz November 07 Early 2023"]
[White "Gubajdullin, Alexei"]
[Black "Saydaliev, Saidakbar"]
[WhiteFideId "4141202"]
[BlackFideId "14203693"]
[WhiteElo "2644"]
[BlackElo "2764"]
[Result "1-0"]
[Round "9"]
[TimeControl "180+1"]
[Date "2023.11.07"]
[WhiteClock "0:00:15"]
[BlackClock "0:00:18"]
[Board "44"]

1. d4 Nf6 2. Nf3 d5 3. Bf4 c5 4. e3 e6 5. Nbd2 Bd6 6. Bg3 Qc7 7. c3 Nbd7 8. Qa4 O-O 9. Bxd6 Qxd6 10. Qa3 e5 11. dxe5 Nxe5 12. Nxe5 Qxe5 13. Qxc5 Ng4 14. Nf3 Qf5 15. h3 Nf6 16. Qd4 Qc2 17. Qd2 Qa4 18. Bd3 Ne4 19. Qc2 Qc6 20. Nd4 Qg6 21. g4 f5 22. f3 Nd6 23. gxf5 Bxf5 24. O-O-O Rae8 25. Rhg1 Qh5 26. Qg2 g6 27. f4 Bxd3 28. Rxd3 Re4 29. Nc2 Rf5 30. Rgd1 Nc4 31. Qg4 Qh6 32. Rxd5 Rxd5 33. Rxd5 Re8 34. Rd4 Nb6 35. a4 Qf8 36. a5 Nc8 37. Qd7 Ne7 38. Qxb7 Nf5 39. Rd7 Nxe3 40. Nxe3 Rxe3 41. Qd5+ Kh8 42. Qd4+ Kg8 43. Qxe3 1-0


[Site "https://www.chess.com"]

[Event "Titled Tuesday Blitz November 07 Early 2023"]
[White "Feuerstack, Aljoscha"]
[Black "Perez Gormaz, Matias"]
[WhiteFideId "4681932"]
[BlackFideId "3406342"]
[WhiteElo "2612"]
[BlackElo "2723"]
[Result "1-0"]
[Round "9"]
[TimeControl "180+1"]
[Date "2023.11.07"]
[WhiteClock "0:00:10"]
[BlackClock "0:00:04"]
[Board "46"]

1. e4 c6 2. d3 d5 3. Nd2 g6 4. g3 Bg7 5. Bg2 e5 6. Ngf3 Ne7 7. O-O O-O 8. Re1 d4 9. Nf1 c5 10. h4 Nbc6 11. h5 Bg4 12. h6 Bh8 13. N1h2 Be6 14. Ng5 Bd7 15. f4 f6 16. Ngf3 Be6 17. Bd2 Qc7 18. f5 gxf5 19. exf5 Nxf5 20. Bh3 Qf7 21. Re4 Ne3 22. Bxe6 Qxe6 23. Bxe3 dxe3 24. Rg4+ Kf7 25. Qe1 Rg8 26. Rxg8 Rxg8 27. Qxe3 Rxg3+ 28. Kf2 Rg6 29. Qxc5 f5 30. Nf1 e4 31. dxe4 fxe4 32. Ng5+ Rxg5 33. Qxg5 Bf6 34. Qh5+ Ke7 35. Ne3 Bd4 36. Qg5+ Kd7 37. Rd1 Kc7 38. c3 Bb6 39. Ke2 Ne7 40. Qxe7+ Qxe7 41. Nd5+ Kd7 42. Nxe7+ Kxe7 43. Rg1 1-0


[Site "https://www.chess.com"]